 Dungeon Crawl Stone Soup version 0.31-a0-1591-g515db51633 (webtiles) character file.

Game seed: 17413060571102358841

1099 Ofeo the Sneak (level 8, 68/68 HPs)
             Began as a Pale Draconian Brigand on Jan 7, 2024.
             Was an Initiate of Wu Jian.
             Quit the game on level 5 of the Dungeon.
             The game lasted 00:07:39 (5066 turns).

Ofeo the Sneak (Pale Draconian Brigand)             Turns: 5066, Time: 00:07:41

Health: 68/68      AC: 10    Str: 13    XL:     8   Next: 10%
Magic:  8/8        EV: 13    Int: 12    God:    Wu Jian [......]
Gold:   152        SH:  0    Dex: 15    Spells: 7/7 levels left

rFire   . . .        n - +2 short sword (heavy)
rCold   . . .        (no shield)
rNeg    . . .        (body armour unavailable)
rPois   .            (helmet restricted)
rElec   .            t - +2 cloak
rCorr   .            k - +0 pair of gloves
SInv    .            (no boots)
Will    .....        o - amulet of regeneration
Stlth   +++          (no ring)
HPRegen 1.11/turn    (no ring)
MPRegen 0.11/turn

%: no passive effects
@: no status effects
A: breathe steam, AC +6, unfitting armour, cold-blooded, steam resistance
a: Breathe Steam, Renounce Religion


You were on level 5 of the Dungeon.
You worshipped Wu Jian.
Wu Jian was noncommittal.
You visited 2 branches of the dungeon, and saw 8 of its levels.

You collected 240 gold pieces.
You spent 88 gold pieces at shops.

Inventory:

Hand Weapons
 a - a +2 dagger
 n - a +2 heavy short sword (weapon)
 r - a +0 rapier
Missiles
 c - 15 poisoned darts
 d - 6 curare-tipped darts
 v - a throwing net
Armour
 k - a +0 pair of gloves (worn)
 t - a +2 cloak (worn)
Jewellery
 f - an amulet of reflection
 o - an amulet of regeneration (around neck)
Wands
 j - a wand of roots (12)
 l - a wand of paralysis (9)
Scrolls
 g - 2 scrolls of vulnerability
 i - a scroll of identify {@r1}
 s - a scroll of revelation
 u - a scroll of fear
 w - a scroll of immolation {unknown}
Potions
 b - a potion of berserk rage {unknown}
 e - 2 potions of magic
 h - a potion of heal wounds {@q2}
 m - a potion of might {@q4}
 p - a potion of degeneration {unknown}
 q - a potion of mutation {unknown}


   Skills:
 + Level 5.0 Fighting
 + Level 4.6 Short Blades
 + Level 4.2 Throwing
 + Level 3.8 Dodging
 + Level 5.5 Stealth


You had 7 spell levels left.
You didn't know any spells.
Your spell library contained the following spells:

 Spells                   Type           Power      Damage    Failure   Level
 Foxfire                  Conj/Fire      0%         2x1d4     32%         1
 Kiss of Death            Conj/Necr      0%         2d5       32%         1
 Magic Dart               Conj           0%         1d3       32%         1
 Searing Ray              Conj           0%         2d4       45%         2
 Confusing Touch          Hex            0%         N/A       69%         3
 Dispel Undead            Necr           0%         3d6       97%         4
 Fulminant Prism          Conj/Alch      0%         3d5       97%         4
 Plasma Beam              Fire/Air       0%         2x1d10    100%        6
 Starburst                Conj/Fire      0%         6d3       100%        6


Dungeon Overview and Level Annotations

Branches:
Dungeon (7/15)             Temple (1/1) D:5

Altars:
Ashenzari
Cheibriados
Dithmenos
Elyvilon
Fedhas
Gozag
Kikubaaqudgha
Makhleb
Nemelex Xobeh
Okawaru
Qazlal
Ru
Trog
Vehumet
Wu Jian
Xom
Yredelemnul
The Shining One

Shops:
D:1 [**   D:2 [(


Innate Abilities, Weirdness & Mutations

You can breathe blasts of scalding, opaque steam.
Your pale cyan-grey scales are hard. (AC +6)
You cannot fit into any form of body armour.
You are cold-blooded and may be slowed by cold attacks.
You are immune to the effects of steam.


Message History

A mysterious force pulls you upwards. The hatch slams shut behind you.
There is a staircase to the Ecumenical Temple here.
You climb downwards.
Welcome to the Ecumenical Temple!
Found a staircase back to the Dungeon.
There is a staircase back to the Dungeon here.
Unknown command.
Search for what [Enter for "."]? .
You open the door.
There is an open door here.
You open the door.
Found an ornate altar of the Wu Jian Council.
There is an open door here.
There is an ornate altar of the Wu Jian Council here.
You kneel at the altar of Wu Jian.
The Council welcomes you!
You can now perform damaging attacks by moving towards foes.
You're already at the bottom of this branch!
Unknown command.
Press < or > to pray at altars.
What level of the Dungeon? (default 5, ? - help)
There is an open door here.
There is an open door here.
There is a staircase back to the Dungeon here.
You climb upwards.
Welcome back to the Dungeon!
There is a staircase to the Ecumenical Temple here.
You can't see any hostile targets in range.
There is an open door here.
You see here a serpent talisman.
w - a scroll labelled DILOUSTR ZAGG You now have enough gold to buy a potion of heal wounds on D:1.
You can access your shopping list by pressing '$'.
You now have 136 gold pieces (gained 12).
d - 6 curare-tipped darts (gained 3)
You pick up a book of Touch and begin reading...
You add the spells Kiss of Death, Confusing Touch and Dispel Undead to your library.
Found a stone staircase leading up.
You now have enough gold to buy a glowing hat on D:1, or buy a runed hat on D:1.
You can access your shopping list by pressing '$'.
You now have 152 gold pieces (gained 16).
Are you sure you want to abandon this character and quit the game? (Confirm with "yes".)

...(.......................
....##########.#...........
.#.............#...........
.#...###########...........
.#.#.#####.....#...........
.#.#.......#...#...........
.#.#....####.###...........
.#.......).......##...#####
#######..#.....#@#
.........+.....+.#
########.#.....#.# ..#
#.......#.+ #.####
##......### .....# #......#
.♣.♣.# ###....# ..>..#
#.##.. .♣.♣.# #.# ...


There were no monsters in sight!

Vanquished Creatures
  Sigmund (D:2)
  Eustachio (D:4)
  Edmund (D:4)
  An ogre (D:4)
  A phantom (D:4)
  2 scorpions
  2 bombardier beetles (D:4)
  A hound (D:6)
  3 sleepcaps
  An iguana (D:4)
  Robin (D:2)
  3 gnolls (D:2)
  8 adders
  3 dart slugs
  2 orcs
  11 ball pythons
  5 endoplasms
  2 giant cockroaches
  20 goblins
  10 hobgoblins
  3 jackals (D:2)
  5 quokkas
  6 bats
  A frilled lizard (D:3)
  4 kobolds
  5 rats
103 creatures vanquished.

Notes
Turn   | Place    | Note
-------+----------+-------------------------------------------
     0 | D:1      | Ofeo the Draconian Brigand began the quest for the Orb.
     0 | D:1      | Reached XP level 1. HP: 17/17 MP: 1/1
    86 | D:1      | Found Hufron's Assorted Antiques.
   113 | D:1      | Reached skill level 1 in Dodging
   156 | D:1      | Found Otheedgh's Antique Armour Emporium.
   185 | D:1      | Reached XP level 2. HP: 23/25 MP: 2/2
   527 | D:1      | Found Apna's General Store.
   826 | D:2      | Noticed Sigmund
   856 | D:2      | Killed Sigmund
   857 | D:2      | Reached XP level 3. HP: 31/31 MP: 3/3
   857 | D:2      | Reached XP level 4. HP: 38/38 MP: 4/4
   857 | D:2      | Reached XP level 5. HP: 45/45 MP: 5/5
   877 | D:2      | Found Xib Hira's Weapon Shop.
  1104 | D:2      | Found Oseax Giog's Armour Shoppe.
  1108 | D:2      | Bought a +0 pair of gloves for 63 gold pieces
  1208 | D:2      | Noticed Robin
  1237 | D:2      | Killed Robin
  1324 | D:2      | Found a faded altar of an unknown god.
  1330 | D:2      | Reached XP level 6. HP: 51/51 MP: 2/6
  1852 | D:1      | Bought a scroll labelled KUONLA RUNLO for 25 gold pieces
  1966 | D:3      | Found a burning altar of Makhleb.
  1966 | D:3      | Found a white marble altar of Elyvilon.
  3654 | D:4      | Your scales start taking on a pale cyan-grey colour.
  3654 | D:4      | Reached XP level 7. HP: 59/59 MP: 7/7
  3654 | D:4      | Gained mutation: You are immune to the effects of steam.
                  | [Pale Draconian growth]
  4224 | D:4      | Noticed Eustachio
  4260 | D:4      | Killed Eustachio
  4261 | D:4      | Reached skill level 5 in Stealth
  4292 | D:4      | Noticed Edmund
  4317 | D:4      | Killed Edmund
  4591 | D:5      | Entered Level 5 of the Dungeon
  4637 | D:5      | Reached XP level 8. HP: 67/67 MP: 8/8
  4683 | D:5      | Found a staircase to the Ecumenical Temple.
  4805 | D:5      | You fall into a shaft and drop 2 floors!
  4827 | D:6      | Found a basalt altar of Yredelemnul.
  4852 | D:6      | Reached skill level 5 in Fighting
  4900 | Temple   | Entered the Ecumenical Temple
  4919 | Temple   | Became a worshipper of the Wu Jian Council
  5066 | D:5      | Quit the game

Illustrated notes

Levels and vault maps discovered:
D:1:      mrwooster_arrival_statue_3, layout_loops_ring, serial_shops, shop,
          nicolae_shop_hallway_stairs, nicolae_shop_tiny_glass,
          minmay_hexomino_c4
D:2:      layout_loops_cross, shapermc_ecumenical_altar_starsandcircs,
          serial_shops, nicolae_shop_peninsula, shop, uniq_robin, uniq_sigmund
D:3:      layout_basic, nicolae_overflow_two_pavilions,
          nicolae_figureground_pulse
D:4:      layout_basic, serial_rivers, chequers_serial_rivers_marsh,
          chequers_serial_rivers_micro_d, chequers_serial_rivers_small_b,
          chequers_serial_rivers_room_a, chequers_serial_rivers_micro_c,
          chequers_serial_rivers_room_b, uniq_eustachio, uniq_edmund
D:5:      layout_basic, minmay_temple_entry_trees
D:6:      layout_basic, mainiacjoe_overflow_cross_hatched, serial_corexii_hall,
          chequers_hall_statues_y, corexii_hall_statues_i,
          gammafunk_ghost_split, minmay_between, uniq_grinder
D:7:      cheibrodos_steamvent, layout_loops_ring,
          nicolae_sif_muna_little_library, nicolae_hepliaklqana_hazy_memory
Temple:   regret_index_temple_generic_petals

Skill      XL: |  1  2  3  4  5  6  7  8 |
---------------+-------------------------+-----
Dodging        | 1 2 3 |  3.8
Throwing       | 2 3 4 |  4.2
Fighting       | 3 4 5 |  5.0
Short Blades   | 3 4 |  4.6
Stealth        | 4 5 |  5.5

Action                     |  1- 3 |  4- 6 |  7- 9 || total
---------------------------+-------+-------+-------++-------
  Melee: Dagger            |    68 |    16 |       ||    84
         Punch             |     1 |     2 |     1 ||     4
         Tailslap          |     6 |    18 |    13 ||    37
         Short sword       |       |   129 |    88 ||   217
         Unarmed           |       |       |     6 ||     6
  Throw: Dart              |       |     8 |       ||     8
Ability: Breathe Steam     |       |       |     6 ||     6
  Evoke: Wand              |       |       |     2 ||     2
    Use: Potion            |     5 |       |       ||     5
         Scroll            |     1 |     7 |       ||     8
   Stab: Sleeping          |     3 |    15 |     1 ||    19
         Distracted        |       |     1 |     1 ||     2
         Confused          |       |       |     1 ||     1
 Armour: Skin              |    25 |    75 |    79 ||   179
  Dodge: Dodged            |    38 |    96 |    82 ||   216
  Block: Other             |     1 |       |       ||     1

Table legend: (Time is in decaauts)
 A = Elapsed time spent in this place.
 B = Non-inter-level travel time spent in this place.
 C = Inter-level travel time spent in this place.
 D = Time resting spent in this place.
 E = Time spent auto-exploring this place.
 F = Levels seen in this place.
 G = Mean time per level.
                   A        B        C        D        E       F      G
               +--------+--------+--------+--------+--------+-----+--------+
         Total |   5066 |   4840 |    226 |     20 |   3898 |   8 |  633.2 |
       Dungeon |   5030 |   4840 |    190 |     20 |   3898 |   7 |  718.6 |
        Temple |     36 |      1 |     35 |      0 |      0 |   1 |   36.0 |
               +--------+--------+--------+--------+--------+-----+--------+

Top non-repeatable levels by time:
     D:3: 1425 daAuts
     D:4: 1322 daAuts
     D:2: 1013 daAuts
     D:1: 825 daAuts
     D:5: 372 daAuts
     D:6: 50 daAuts
  Temple: 36 daAuts
     D:7: 21 daAuts
